 Dungeon Crawl Stone Soup version 0.31-a0-940-gdaa99269f9 (webtiles) character file.

Game seed: 11005860114909401987

49 Kurtz the Sneak (level 4, -2/35 HPs)
             Began as a Formicid Delver on Oct 20, 2023.
             Slain by a bullfrog (4 damage)
             ... on level 3 of the Dungeon.
             The game lasted 00:01:07 (491 turns).

Kurtz the Sneak (Formicid Delver)                    Turns: 491, Time: 00:01:07

Health: -2/35      AC:  3    Str: 17 (19) XL:     4   Next: 1%
Magic:  4/4        EV: 11    Int:  6 (9)  God:
Gold:   40         SH:  0    Dex: 13 (15) Spells: 3/3 levels left

rFire   . . .        a - +0 hand axe
rCold   . . .        (no shield)
rNeg    . . .        b - +0 leather armour
rPois   .            (helmet unavailable)
rElec   .            (no cloak)
rCorr   .            (no gloves)
SInv    +            (no boots)
Will    .....        (no amulet)
Stlth   +++          (no ring)
HPRegen 0.25/turn    (no ring)
MPRegen 0.09/turn

%: no passive effects
@: no status effects
A: permanent stasis, dig shafts and tunnels, antennae 3, four strong arms
a: Dig, Shaft Self


You were on level 3 of the Dungeon.
You visited 1 branch of the dungeon, and saw 4 of its levels.

You collected 40 gold pieces.

Inventory:

Hand Weapons
 a - a +0 hand axe (weapon)
Armour
 b - a +0 leather armour (worn)
 k - a +0 buckler
Jewellery
 h - a ring of wizardry
 l - a ring of positive energy
Wands
 f - a wand of digging (3)
Scrolls
 c - a scroll of fog
 d - a scroll of revelation
 e - a scroll of fear
 g - a scroll of identify {unknown}
Potions
 j - a potion of enlightenment {unknown}


   Skills:
 - Level 3.2 Fighting
 * Level 3.9 Axes
 * Level 1.8 Dodging
 - Level 6.0 Stealth
 * Level 0.1 Shields


You had 3 spell levels left.
You didn't know any spells.
Your spell library contained the following spells:

 Spells                   Type           Power      Damage    Failure   Level
 Gell's Gravitas          Tloc           0%         N/A       88%         3
 Teleport Other           Tloc           0%         N/A       88%         3
 Dispersal                Tloc           0%         N/A       100%        6


Dungeon Overview and Level Annotations

Branches:
Dungeon (5/15)
 Temple: D:4-7

Altars:
Gozag

Annotations:
D:3 1 transporter, Forgeling's ghost, amateur AtFi


Innate Abilities, Weirdness & Mutations

You cannot be hasted, slowed, berserked, paralysed or teleported.
You can dig through walls and to a lower floor.
You have a pair of large antennae on your head. (SInv)
Your four strong arms can wield two-handed weapons with a shield.


Message History

Found a ring mail.
The bullfrog misses you. The bullfrog barely misses you.
You closely miss the bullfrog. The bullfrog hits you.
The bullfrog closely misses you.
You closely miss the bullfrog. Your punch misses the bullfrog.
The bullfrog barely misses you.
Unknown command.
You barely miss the bullfrog. The bullfrog misses you. The bullfrog hits you.
You closely miss the bullfrog. The bullfrog misses you.
The bullfrog hits you but does no damage.
You hit the bullfrog but do no damage.
The bullfrog hits you but does no damage.
You closely miss the bullfrog. The bullfrog hits you.
The bullfrog hits you but does no damage.
You closely miss the bullfrog. You barely miss the worm. The bullfrog hits you.
The worm bites you.
The bullfrog hits you but does no damage.
You slash the bullfrog!
The bullfrog is moderately wounded.
You hit the worm. The bullfrog misses you.
You barely miss the bullfrog.
The bullfrog is moderately wounded.
You barely miss the worm. The bullfrog misses you.
The worm bites you but does no damage. The bullfrog hits you!
Unknown command.
You slash the bullfrog!
The bullfrog is severely wounded.
You hit the worm. The bullfrog hits you. The worm bites you.
* * * LOW HITPOINT WARNING * * *
The bullfrog hits you.
* * * LOW HITPOINT WARNING * * *
You hit the bullfrog.
The bullfrog is almost dead.
You hit the worm. The bullfrog hits you.
* * * LOW HITPOINT WARNING * * *
You are too injured to fight recklessly!
It was a potion of degeneration.
There was something very wrong with that liquid.
You feel weakened.
You feel dopey.
You feel clumsy. The bullfrog hits you.
You die...

#. ### #.# ...[ .#.#
.. #.... ..(# #.
##..... .#%#
#.####...... #..#
#....F..# #.O#
#...@w..# .#W#
#.......# ..O#
#..#....#############
##.#.................
#.#...........######
#.#....##.###.......
#..######.....#..###
##.# ##.....### ...
#.###..###..# ###


You could see a bullfrog and a worm.

Vanquished Creatures
  A hound (D:4)
  A worm (D:2)
  A dart slug (D:3)
  2 endoplasms
  2 goblins
  3 hobgoblins
  A kobold (D:3)
  2 quokkas
  A ball python (D:3)
14 creatures vanquished.

Notes
Turn   | Place    | Note
-------+----------+-------------------------------------------
     0 | D:5      | Kurtz the Formicid Delver began the quest for the Orb.
     0 | D:5      | Reached XP level 1. HP: 18/18 MP: 1/1
    13 | D:5      | Noticed a howler monkey
    66 | D:4      | Noticed a hound
    76 | D:4      | Killed a hound
    77 | D:4      | Reached XP level 2. HP: 14/24 MP: 2/2
    77 | D:4      | Reached XP level 3. HP: 17/29 MP: 3/3
   188 | D:3      | Noticed Forgeling's ghost (amateur AtFi)
   189 | D:3      | Found a transporter.
   189 | D:3      | Noticed an ogre
   190 | D:3      | Noticed an ogre
   193 | D:3      | Noticed an ogre
   226 | D:3      | Found an opulent altar of Gozag.
   413 | D:3      | Reached XP level 4. HP: 28/35 MP: 4/4
   477 | D:3      | Noticed a bullfrog
   491 | D:3      | Slain by a bullfrog

Illustrated notes

Levels and vault maps discovered:
D:2:      layout_basic, uniq_terence, uniq_natasha
D:3:      layout_rooms, marbit_many_paths, fedhas_altar_3,
          mainiacjoe_overflow_paths, grunt_temple_overflow_open,
          gammafunk_ghost_smash
D:4:      layout_loops_ring
D:5:      layout_basic, gammafunk_temple_overflow_statue, nicolae_wormholes

Skill      XL: |  1 |
---------------+----+-----
Axes           | 3 |  3.9
Fighting       | |  3.2
Dodging        | |  1.8
Stealth        | |  6.0
Shields        | |  0.1

Action                     |  1- 3 |  4- 6 || total
---------------------------+-------+-------++-------
  Melee: Hand axe          |    52 |    11 ||    63
         Punch             |     1 |       ||     1
    Use: Potion            |       |     1 ||     1
   Stab: Sleeping          |     2 |       ||     2
         Distracted        |     1 |       ||     1
 Armour: Leather armour    |    27 |    16 ||    43
  Dodge: Dodged            |    25 |     8 ||    33

Table legend: (Time is in decaauts)
 A = Elapsed time spent in this place.
 B = Non-inter-level travel time spent in this place.
 C = Inter-level travel time spent in this place.
 D = Time resting spent in this place.
 E = Time spent auto-exploring this place.
 F = Levels seen in this place.
 G = Mean time per level.
                   A        B        C        D        E       F      G
               +--------+--------+--------+--------+--------+-----+--------+
         Total |    498 |    464 |     34 |     78 |    183 |   4 |  124.5 |
       Dungeon |    498 |    464 |     34 |     78 |    183 |   4 |  124.5 |
               +--------+--------+--------+--------+--------+-----+--------+

Top non-repeatable levels by time:
     D:3: 185 daAuts
     D:2: 158 daAuts
     D:4: 104 daAuts
     D:5: 50 daAuts
